 Dungeon Crawl Stone Soup version 0.28-a0-998-gb9e9c7b67e (webtiles) character file.

Game seed: 16711512114054544631

13037 r3xj the Cleaver (level 11, -8/101 HPs)
             Began as a Minotaur Berserker on Dec 6, 2021.
             Was an Elder of Trog.
             Mangled by a skeletal warrior (24 damage)
             ... led by a skeletal warrior
             ... on level 10 of the Dungeon.
             The game lasted 00:33:52 (15893 turns).

r3xj the Cleaver (Minotaur Berserker)              Turns: 15893, Time: 00:33:53

Health: -8/101     AC: 14    Str: 25    XL:     11   Next: 70%
Magic:  10/10      EV: 18    Int: 10    God:    Trog [****..]
Gold:   495        SH:  0    Dex: 11    Spells: 10/10 levels left

rFire   . . .      SeeInvis .   V - +1 battleaxe (venom)
rCold   . . .      Faith    .   (shield currently unavailable)
rNeg    . . .      Spirit   .   i - +3 ring mail
rPois   .          Reflect  .   (helmet restricted)
rElec   .          Harm     .   (no cloak)
rCorr   .          Rampage  .   w - +0 pair of gloves
Will    .....      Rage     1%  Y - +1 pair of boots {Fly}
Stlth   +.........              (no amulet)
HPRegen 0.26/turn               L - +6 ring of intelligence
MPRegen 0.12/turn               Z - +4 ring of evasion

@: on berserk cooldown, flying, slowed, very slow
A: horns 2, retaliatory headbutt, berserk 1
a: Renounce Religion, Berserk, Trog's Hand, Brothers in Arms


You were on level 10 of the Dungeon.
You worshipped Trog.
Trog was greatly pleased with you.
You visited 2 branches of the dungeon, and saw 13 of its levels.
You also visited: Gauntlet.

You collected 495 gold pieces.

Inventory:

Hand Weapons
 g - a +1 long sword of freezing
 B - a +0 battleaxe
 N - a +4 dagger of flaming
 O - a +5 hand axe
 V - a +1 battleaxe of venom (weapon)
 W - a +0 demon whip of draining
Missiles
 h - 11 javelins (quivered)
 s - 6 curare-tipped darts
 U - 69 poisoned darts
Armour
 a - the +2 cloak "Ketoat" {*Slow Dex+4}
   (You found it on level 9 of the Dungeon)

   Dex:       It affects your dexterity (+4).
   *Slow:     It may slow you when you take damage.
 i - a +3 ring mail (worn)
 t - a +0 scale mail of cold resistance
 u - a +0 plate armour
 w - a +0 pair of gloves (worn)
 K - a +0 kite shield
 Y - a +1 pair of boots of flying (worn)
Jewellery
 L - a +6 ring of intelligence (left hand)
 Q - a ring of fire
 Z - a +4 ring of evasion (right hand)
Wands
 c - a wand of charming (4)
 n - a wand of acid (19)
 p - a wand of paralysis (19)
 G - a wand of polymorph (16)
 T - a wand of flame (6)
Scrolls
 b - 3 scrolls of immolation {unknown}
 d - 2 scrolls of magic mapping {unknown}
 e - a scroll of teleportation {unknown}
 f - 2 scrolls of acquirement {unknown}
 j - a scroll of identify
 k - 4 scrolls of noise {unknown}
 m - 2 scrolls of enchant weapon {unknown}
 q - 2 scrolls of fog {unknown}
 v - 4 scrolls of blinking {unknown}
 x - 5 scrolls of fear {unknown}
 y - 3 scrolls of holy word {unknown}
 C - a scroll of vulnerability {unknown}
 D - a scroll of silence {unknown}
 P - 2 scrolls of amnesia {unknown}
 R - a scroll of summoning {unknown}
 S - a scroll of enchant armour {unknown}
Potions
 l - a potion of cancellation
 o - 2 potions of invisibility
 r - a potion of haste
 z - 5 potions of curing
 A - 3 potions of heal wounds
 E - a potion of might
 F - 3 potions of lignification
 H - a potion of flight
 I - a potion of mutation
 J - a potion of magic {unknown}
 M - a potion of berserk rage {unknown}
Miscellaneous
 X - a tin of tremorstones (2/2)


   Skills:
 + Level 10.8 Fighting
 * Level 14.6 Axes
 + Level 10.5 Armour
 + Level 9.6 Dodging


You had 10 spell levels left.
You didn't know any spells.
Your spell library was empty.

Dungeon Overview and Level Annotations

Branches:
Dungeon (12/15)            Temple (1/1) D:7            Lair (0/6) D:9
Gauntlet (visited)
    Orc: D:9-12

Altars:
Ashenzari
Cheibriados
Dithmenos
Elyvilon
Fedhas
Gozag
Hepliaklqana
Kikubaaqudgha
Makhleb
Nemelex Xobeh
Okawaru
Qazlal
Ru
Sif Muna
Trog
Uskayaw
Wu Jian
Xom
Yredelemnul
Zin
The Shining One

Shops:
D:4 [


Innate Abilities, Weirdness & Mutations

You have a pair of horns on your head.
You reflexively headbutt those who attack you in melee.
You tend to lose your temper in combat.


Message History

You are no longer berserk.
You are exhausted.
You feel yourself slow down.
The skeletal warrior hits you with a +0 mace.
A skeletal warrior comes into view. It is wielding a +0 glaive.
You closely miss the skeletal warrior.
You headbutt the skeletal warrior, but do no damage.
The skeletal warrior is almost destroyed.
You hit the skeletal warrior but do no damage.
The skeletal warrior hits you with a +0 war axe!
The skeletal warrior hits you with a +0 mace.
The skeletal warrior hits you with a +0 war axe!!
You slash the skeletal warrior!
You destroy the skeletal warrior!
Trog accepts your kill.
You hit the skeletal warrior.
The skeletal warrior completely misses you.
The skeletal warrior hits you from afar with a +0 glaive.
You barely miss the skeletal warrior.
You headbutt the skeletal warrior, but do no damage.
The skeletal warrior is moderately damaged.
The skeletal warrior barely misses you.
The skeletal warrior hits you from afar with a +0 glaive.
The skeletal warrior misses you.
You hit the skeletal warrior but do no damage.
You headbutt the skeletal warrior, but do no damage.
The skeletal warrior is moderately damaged.
The skeletal warrior hits you from afar with a +0 glaive.
The skeletal warrior hits you with a +0 war axe!
The skeletal warrior misses you.
You hit the skeletal warrior but do no damage.
Your headbutt misses the skeletal warrior.
The skeletal warrior is moderately damaged.
The skeletal warrior hits you with a +0 war axe!!
* * * LOW HITPOINT WARNING * * *
The skeletal warrior hits you but does no damage.
The skeletal warrior hits you with a +0 war axe!
* * * LOW HITPOINT WARNING * * *
The skeletal warrior hits you from afar with a +0 glaive!!
You die...

.......#.#.#
#.#<.......### .##
#........#.##. ..
###......#.##. .#
####.##.##<##. ##.# #
...........##. #..#.#
.###.......##.##z##.#
.#
#..(....##.).....##
>#
#.......###.z@....#
.# #.......#
#.#>###.# (#
#..>....# #.#.# .#
#.......# #.#.. .#
######### #.##.# ..
#.. .. ### .## .# ##


You could see 2 skeletal warriors.

Vanquished Creatures
  A balrug (Gauntlet)
  Azrael (D:12)
  A minotaur (Gauntlet)
  A two-headed ogre (D:11)
  2 skeletal warriors (D:10)
  5 centaur zombies
  A kobold demonologist (D:9)
  An ice devil (Gauntlet)
  A troll (D:11)
  A hornet (D:9)
  A centaur simulacrum (D:11)
  6 yaks
  2 fire elementals (D:12)
  A wyvern (D:8)
  3 chaos spawn (Gauntlet)
  A neqoxec (Gauntlet)
  An acid dragon (D:9)
  A water moccasin (D:6)
  3 hell hounds
  4 orc warriors (D:9)
  A black bear (D:6)
  A necrophage (D:7)
  An ogre (D:5)
  2 phantoms
  6 centaurs
  A bullfrog (D:9)
  15 kobold brigands
  3 gnoll sergeants
  A wyvern zombie (D:7)
  A water moccasin zombie (D:6)
  A scorpion (D:6)
  2 water moccasin skeletons
  18 killer bees
  7 wights
  3 howler monkeys (D:8)
  A hound (D:4)
  4 orc priests
  4 iguanas
  3 orc wizards (D:9)
  23 gnolls
  2 howler monkey zombies
  2 adders
  3 white imps (Gauntlet)
  3 ufetubi
  3 worms
  4 dart slugs
  21 orcs
  9 ball pythons
  4 bats (D:1)
  9 endoplasms
  6 giant cockroaches
  7 goblins
  7 hobgoblins
  A quokka (D:1)
  2 frilled lizards
  18 kobolds
  4 rats
241 creatures vanquished.

Vanquished Creatures (others)
  14 demonic plants (Gauntlet)
  4 plants
18 creatures vanquished.

Grand Total: 259 creatures vanquished

Notes
Turn   | Place    | Note
-------+----------+-------------------------------------------
     0 | D:1      | r3xj the Minotaur Berserker began the quest for the Orb.
     0 | D:1      | Reached XP level 1. HP: 19/19 MP: 0/0
   254 | D:1      | Reached XP level 2. HP: 12/27 MP: 1/1
   257 | D:1      | Reached skill level 4 in Axes
   834 | D:1      | Found a faded altar of an unknown god.
   937 | D:1      | Reached XP level 3. HP: 33/33 MP: 2/2
  2425 | D:3      | Reached XP level 4. HP: 3/40 MP: 3/3
  3057 | D:3      | Reached ** piety under Trog
  3310 | D:3      | Reached skill level 5 in Axes
  3839 | D:4      | Found Turaoros's Antique Armour Shop.
  3861 | D:4      | Reached XP level 5. HP: 40/47 MP: 4/4
  4150 | D:4      | Reached XP level 6. HP: 51/55 MP: 5/5
  4315 | D:4      | Found a blossoming altar of Fedhas.
  4382 | D:4      | Reached skill level 5 in Fighting
  4382 | D:4      | Reached skill level 6 in Axes
  4663 | D:5      | Entered Level 5 of the Dungeon
  5186 | D:5      | Reached XP level 7. HP: 61/61 MP: 6/6
  5329 | D:5      | Reached skill level 7 in Axes
  5329 | D:5      | Reached skill level 5 in Armour
  5765 | D:5      | Reached skill level 5 in Dodging
  5765 | D:5      | Reached XP level 8. HP: 61/70 MP: 7/7
  5947 | D:6      | Reached skill level 8 in Axes
  6070 | D:6      | Found a glowing golden altar of the Shining One.
  6070 | D:6      | Found a hazy altar of Hepliaklqana.
  6257 | D:6      | Found an iron altar of Okawaru.
  6747 | D:5      | Reached skill level 9 in Axes
  7000 | D:5      | Reached XP level 9. HP: 43/79 MP: 8/8
  7279 | D:6      | Reached *** piety under Trog
  7349 | D:7      | Found a staircase to the Ecumenical Temple.
  7357 | Temple   | Entered the Ecumenical Temple
  7729 | D:6      | Reached skill level 10 in Axes
  8317 | D:7      | Found a hide-covered altar of Uskayaw.
  8640 | D:7      | Identified the +5 long sword of the Abyss {pain, *Slow
                  | rPois rC+ rN+}
  9783 | D:8      | Reached skill level 11 in Axes
 11174 | D:9      | Reached XP level 10. HP: 81/90 MP: 9/9
 11226 | D:9      | Reached skill level 12 in Axes
 11430 | D:9      | Reached **** piety under Trog
 11499 | D:9      | Identified the +2 cloak "Ketoat" {*Slow Dex+4}
 11506 | D:9      | Found a shimmering altar of Xom.
 11510 | D:9      | Found a staircase to the Lair.
 12366 | D:9      | Found an opulent altar of Gozag.
 12369 | D:9      | Found a shadowy altar of Dithmenos.
 12613 | D:9      | Paralysed by a hornet for 3 turns
 13012 | D:10     | Entered Level 10 of the Dungeon
 13345 | D:11     | Noticed a two-headed ogre
 13348 | D:11     | Found a gate leading to a gauntlet.
 13359 | Gauntlet | Entered a Gauntlet
 13359 | Gauntlet | Found a transporter.
 13800 | Gauntlet | Found a transporter.
 13815 | Gauntlet | Found a transporter.
 13820 | Gauntlet | Found a transporter.
 13835 | Gauntlet | Found a transporter.
 13857 | Gauntlet | Found a transporter.
 13863 | Gauntlet | Noticed a death scarab
 13865 | Gauntlet | Noticed a death scarab
 13866 | Gauntlet | Found a transporter.
 13870 | Gauntlet | Noticed a spectral catoblepas
 13875 | Gauntlet | Noticed a reaper
 13878 | Gauntlet | Found a transporter.
 13880 | Gauntlet | Noticed a spectral death yak
 13884 | Gauntlet | Found a transporter.
 13884 | Gauntlet | Found a transporter.
 13887 | Gauntlet | Noticed a spectral death yak
 13895 | Gauntlet | Noticed a wizard
 13896 | Gauntlet | Noticed a wizard
 13899 | Gauntlet | Found a transporter.
 13907 | Gauntlet | Found a large runed translucent door.
 13908 | Gauntlet | Found a large runed translucent door.
 13908 | Gauntlet | Noticed a balrug
 13909 | Gauntlet | Found a large runed translucent door.
 13909 | Gauntlet | Found a large runed translucent door.
 13910 | Gauntlet | Found a runed translucent gate.
 13911 | Gauntlet | Found a transporter.
 13911 | Gauntlet | Found a runed translucent gate.
 13912 | Gauntlet | Found a runed translucent gate.
 13913 | Gauntlet | Found a large runed translucent door.
 13913 | Gauntlet | Found a large runed translucent door.
 13913 | Gauntlet | Found a runed translucent door.
 13913 | Gauntlet | Found a runed translucent door.
 13914 | Gauntlet | Found a large runed translucent door.
 13915 | Gauntlet | Found a large runed translucent door.
 13917 | Gauntlet | Found a transporter.
 13917 | Gauntlet | Found a transporter.
 13922 | Gauntlet | Found a large runed translucent door.
 13922 | Gauntlet | Found a large runed translucent door.
 13923 | Gauntlet | Found a large runed translucent door.
 13924 | Gauntlet | Found a large runed translucent door.
 13933 | Gauntlet | Found a large runed translucent door.
 13933 | Gauntlet | Found a large runed translucent door.
 13934 | Gauntlet | Found a large runed translucent door.
 13935 | Gauntlet | Found a large runed translucent door.
 13956 | Gauntlet | Found a transporter.
 13986 | Gauntlet | Found a transporter.
 13986 | Gauntlet | Found a transporter.
 14006 | Gauntlet | Found a transporter.
 14063 | Gauntlet | Noticed a wretched star
 14220 | Gauntlet | Reached skill level 13 in Axes
 14233 | Gauntlet | Gained mutation: You tend to lose your temper in combat. [a
                  | neqoxec]
 14445 | Gauntlet | Killed a balrug
 14446 | Gauntlet | Reached XP level 11. HP: 57/99 MP: 10/10
 14448 | Gauntlet | Reached skill level 10 in Fighting
 14698 | Gauntlet | Noticed a minotaur
 14721 | Gauntlet | Killed a minotaur
 15130 | D:10     | You are sucked into a shaft and drop 2 floors!
 15130 | D:12     | Noticed Azrael
 15138 | D:12     | Killed Azrael
 15325 | D:11     | Reached skill level 10 in Armour
 15329 | D:11     | Reached skill level 14 in Axes
 15558 | D:11     | Noticed a two-headed ogre
 15566 | D:11     | Killed a two-headed ogre
 15589 | D:10     | Noticed a skeletal warrior
 15606 | D:10     | Killed a skeletal warrior
 15876 | D:10     | Noticed a skeletal warrior
 15876 | D:10     | Noticed a skeletal warrior
 15887 | D:10     | Noticed a skeletal warrior
 15889 | D:10     | Killed a skeletal warrior
 15893 | D:10     | Mangled by a skeletal warrior

Illustrated notes

Levels and vault maps discovered:
D:1:      dpeg_arrival_subterranean_lakeside_camping, layout_rooms,
          serial_forest, infiniplex_forest_corner_1, infiniplex_forest_zigzag_2,
          infiniplex_forest_end_3, infiniplex_forest_lined_room_3,
          infiniplex_forest_corner_1, infiniplex_forest_lined_room_2,
          infiniplex_forest_split, infiniplex_forest_3_way,
          nicolae_ecumenical_snake_handling, chequers_decorated_corner
D:2:      layout_basic, serial_bayou, serial_bayou_crossing,
          serial_bayou_lake_a, serial_bayou_ford_a, serial_bayou_pond_d
D:3:      layout_loops_corners, minmay_randomly_rotated_circles
D:4:      layout_gridville, mainiacjoe_overflow_concentric_impassable,
          serial_shops, shop, hangedman_decor_peaks_small
D:5:      layout_loops_ring
D:6:      layout_loops_corners, gammafunk_temple_overflow_statue,
          mainiacjoe_overflow_cross_hatched
D:7:      wander_river, layout_basic, nicolae_uskayaw_murder_on_the_dancefloor,
          minmay_temple_entry_statues_fountains
D:8:      layout_loops_corners, corexii_hall_statues_u
D:9:      layout_roguey [special_room_kobold],
          mainiacjoe_overflow_catwalk_spiral, xom_teletrap_fun,
          lair_entry_dummy, grunt_ministairs_11
D:10:     layout_loops_cross, nicolae_vehumet_altar_sigil, orc_0_dummy,
          enter_trove_0, minivault_25, uniq_fannar, uniq_erolcha
D:11:     layout_cave_pools, serial_shops, shop, gauntlet_entry_generic,
          st_stairs_3, minmay_microvault, uniq_grum
D:12:     layout_basic, portal_ice_cave_entry_imps, minmay_starry_boxes,
          uniq_urug, uniq_azrael
Temple:   dshaligram_water_room_temple

Skill      XL: |  1  2  3  4  5  6  7  8  9 10 11 |
---------------+----------------------------------+-----
Axes           | 4 5 6 7 9 11 13 14 | 14.6
Fighting       | 4 5 6 7 8 9 10 | 10.8
Armour         | 3 4 5 6 8 9 10 | 10.5
Dodging        | 3 4 5 6 7 8 9 |  9.6

Action                   |  1- 3 |  4- 6 |  7- 9 | 10-12 || total
-------------------------+-------+-------+-------+-------++-------
Melee: Hand axe          |    81 |   142 |   356 |   195 ||   774
       Headbutt          |    15 |    25 |    87 |    69 ||   196
       Battleaxe         |       |       |       |    96 ||    96
Invok: Berserk           |       |       |     1 |     7 ||     8
  Use: Scroll            |       |       |     8 |     3 ||    11
Armor: Animal skin       |     7 |       |       |       ||     7
       Ring mail         |    11 |    49 |   133 |    76 ||   269
Dodge: Dodged            |    44 |    72 |   248 |   185 ||   549

Table legend: (Time is in decaauts)
 A = Elapsed time spent in this place.
 B = Non-inter-level travel time spent in this place.
 C = Inter-level travel time spent in this place.
 D = Time resting spent in this place.
 E = Time spent auto-exploring this place.
 F = Levels seen in this place.
 G = Mean time per level.
                   A        B        C        D        E       F      G
               +--------+--------+--------+--------+--------+-----+--------+
         Total |  15935 |  15129 |    806 |   4082 |   8696 |  14 | 1138.2 |
       Dungeon |  14157 |  13373 |    784 |   3312 |   8056 |  12 | 1179.8 |
        Temple |    130 |    108 |     22 |      0 |     98 |   1 |  130.0 |
      Gauntlet |   1647 |   1647 |      0 |    770 |    542 |   1 | 1647.0 |
               +--------+--------+--------+--------+--------+-----+--------+

Top non-repeatable levels by time:
     D:8: 1942 daAuts
     D:9: 1866 daAuts
     D:7: 1770 daAuts
Gauntlet: 1647 daAuts
     D:5: 1624 daAuts
     D:3: 1329 daAuts
     D:1: 1300 daAuts
     D:2: 1223 daAuts
     D:6: 1081 daAuts
     D:4: 968 daAuts
    D:10: 554 daAuts
    D:11: 462 daAuts
  Temple: 130 daAuts
    D:12: 33 daAuts
